 Dungeon Crawl Stone Soup version 0.31-a0-1172-g9944ec47dd (webtiles) character file.

Game seed: 3892818842110465024

2 bmb222 the Sneak (level 1, -1/18 HPs)
             Began as a Demonspawn Delver on Dec 10, 2023.
             Killed by divine providence
             ... invoked by an orc priest
              (11 damage)
             ... on level 4 of the Dungeon.
             The game lasted 00:00:28 (424 turns).

bmb222 the Sneak (Demonspawn Delver)                 Turns: 424, Time: 00:00:29

Health: -1/18      AC:  3    Str: 12    XL:     1   Next: 25%
Magic:  1/1        EV: 11    Int: 10    God:
Gold:   27         SH:  0    Dex: 14    Spells: 0/0 levels left

rFire   . . .        a - +0 mace
rCold   . . .        (no shield)
rNeg    . . .        b - +0 leather armour
rPois   .            (no helmet)
rElec   .            (no cloak)
rCorr   .            (no gloves)
SInv    .            (no boots)
Will    .....        (no amulet)
Stlth   +++          (no ring)
HPRegen 0.23/turn    (no ring)
MPRegen 0.07/turn

%: no passive effects
@: no status effects
A: no striking features
a: no special abilities


You were on level 4 of the Dungeon.
You visited 1 branch of the dungeon, and saw 2 of its levels.

You collected 27 gold pieces.

Inventory:

Hand Weapons
 a - a +0 mace (weapon)
Missiles
 i - 4 poisoned darts (quivered)
Armour
 b - a +0 leather armour (worn)
Wands
 g - a wand of digging (3)
Scrolls
 c - a scroll of fog
 d - a scroll of revelation
 e - a scroll of fear
 h - a scroll of enchant weapon {unknown}
Potions
 f - a potion of haste


   Skills:
 + Level 3.0 Fighting
 + Level 1.7 Maces & Flails
 + Level 1.7 Dodging
 + Level 4.6 Stealth


You couldn't memorise any spells.
You didn't know any spells.
Your spell library contained the following spells:

 Spells                   Type           Power      Damage    Failure   Level
 Freeze                   Ice            0%         1d3       43%         1
 Frozen Ramparts          Ice            0%         1d1       82%         3
 Hailstorm                Conj/Ice       0%         3d5       82%         3


Dungeon Overview and Level Annotations

Branches:
Dungeon (5/15)
 Temple: D:4-7

Altars:


Message History

You start resting.
You feel sick. x2
You are no longer poisoned.
You start resting.
HP restored.
You start waiting.
Done waiting.
You climb upwards.
There is a stone staircase leading down here.
You barely miss the kobold. The kobold hits you with a +0 dagger.
You hit the kobold.
You kill the kobold!
Things that are here:
a +0 dagger; 4 poisoned darts
Things that are here:
a +0 dagger; 4 poisoned darts
i - 4 poisoned darts
Found an escape hatch in the floor.
A kobold comes into view. It is wielding a +0 club.
Found 5 stones.
Found a stone staircase leading up.
The kobold shouts!
You hear a shout! x2
A kobold is nearby!
An orc comes into view. It is wielding a +0 club.
An orc priest comes into view.
It is wielding a +2 whip of electrocution.
A jackal comes into view.
An orc wizard comes into view. It is wielding a +0 dagger.
The kobold hits you with a +0 club.
You closely miss the kobold. The kobold closely misses you.
An orc comes into view. It is wielding a +0 dagger.
An orc wizard comes into view. It is wielding a +0 dagger.
The kobold attacks as it pursues you! The kobold closely misses you.
The orc attacks as it pursues you! The orc hits you but does no damage.
A jackal comes into view.
The orc moves out of view.
The orc priest looks encouraged for a moment.
The kobold attacks as it pursues you! The kobold hits you with a +0 club.
The orc attacks as it pursues you! The orc hits you with a +0 club.
The orc priest calls down the wrath of Beogh upon you.
Beogh smites you!
Ouch! That really hurt!
You die...

..... .## .... #
#...##.o##..#
..##.......#..### #
........o#..>...#.
#......$.........
.#.............#
.........oK....####.
....................
#.>.......@.........
........#........##
..#...###..)>....#
.##... #..##......#
#.(.......# .....##
#<......... .....#
###.....#..#......#
##......###....##
####..## #....#


You could see an orc priest, an orc wizard, an orc and a kobold.

Vanquished Creatures
  A quokka (D:5)
  A kobold (D:4)
2 creatures vanquished.

Notes
Turn   | Place    | Note
-------+----------+-------------------------------------------
     0 | D:5      | bmb222 the Demonspawn Delver began the quest for the Orb.
     0 | D:5      | Reached XP level 1. HP: 18/18 MP: 1/1
   417 | D:4      | Noticed an orc priest
   419 | D:4      | Noticed an orc wizard
   421 | D:4      | Noticed an orc wizard
   424 | D:4      | Killed from afar by an orc priest

Illustrated notes

Levels and vault maps discovered:
D:4:      layout_cave_pools, zin_purify, minmay_temple_entry_purple_smoke,
          minmay_misc_feat_iff
D:5:      layout_basic, marbit_many_paths, nicolae_overflow_hidden_temple,
          gammafunk_ghost_split

Action                     || total
---------------------------++-------
  Melee: Mace              ||     4
   Stab: Sleeping          ||     1
 Armour: Leather armour    ||     5
  Dodge: Dodged            ||     2

Table legend: (Time is in decaauts)
 A = Elapsed time spent in this place.
 B = Non-inter-level travel time spent in this place.
 C = Inter-level travel time spent in this place.
 D = Time resting spent in this place.
 E = Time spent auto-exploring this place.
 F = Levels seen in this place.
 G = Mean time per level.
                   A        B        C        D        E       F      G
               +--------+--------+--------+--------+--------+-----+--------+
         Total |    425 |    361 |     64 |    132 |    185 |   2 |  212.5 |
       Dungeon |    425 |    361 |     64 |    132 |    185 |   2 |  212.5 |
               +--------+--------+--------+--------+--------+-----+--------+

Top non-repeatable levels by time:
     D:5: 398 daAuts
     D:4: 27 daAuts
